 Dungeon Crawl Stone Soup version 0.25-a0-696-g42a9e46d90 (console) character file.

Game seed: 3787943639003556810, levelgen mode: classic

1447 Duffy the Cleaver (level 8, -1/76 HPs)
             Began as a Naga Gladiator on Mar 31, 2020.
             Was an Initiate of Ru.
             Slain by a gnoll
             ... wielding a +2 halberd of protection
              (9 damage)
             ... on level 6 of the Dungeon.
             The game lasted 00:08:53 (6666 turns).

Duffy the Cleaver (Naga Gladiator)                  Turns: 6666, Time: 00:08:54

Health: -1/76      AC:  6    Str: 16    XL:     8   Next: 75%
Magic:  10/10      EV:  4    Int: 11    God:    Ru [......]
Gold:   124        SH: 11    Dex: 13    Spells: 7/7 levels left

rFire    . . .     SeeInvis +   a - +0 war axe
rCold    . . .     Gourm    .   e - +0 tower shield
rNeg     . . .     Faith    .   n - +0 ring mail
rPois    +         Spirit   .   c - +0 helmet
rElec    .         Reflect  .   (no cloak)
rCorr    .         Harm     .   (no gloves)
MR       ++...                  (no barding)
Stlth    +.........             (no amulet)
HPRegen  0.22/turn              r - ring of protection from magic
MPRegen  0.12/turn              (no ring)

@: very slow
A: large, see invisible, deformed body, poison resistance, slowness 2, slow
metabolism 1, spit poison 1, AC +2
a: Spit Poison, Renounce Religion


You were on level 6 of the Dungeon.
You worshipped Ru.
Ru was noncommittal.
You were not hungry.

You visited 2 branches of the dungeon, and saw 7 of its levels.

You collected 184 gold pieces.
You spent 60 gold pieces at shops.

Inventory:

Hand Weapons
 a - a +0 war axe (weapon)
 o - a +0 dagger of venom
 D - a +1 antimagic mace
Missiles
 d - 3 throwing nets
 h - a curare-tipped dart (quivered)
 i - 6 atropa-tipped darts
 m - 6 silver javelins
 y - a javelin
Armour
 c - a +0 helmet (worn)
 e - a +0 tower shield (worn)
 n - a +0 ring mail (worn)
 p - a +0 chain mail
 B - a cursed +0 leather armour
Jewellery
 r - a ring of protection from magic (left hand)
Wands
 j - a wand of random effects (24)
 E - a wand of clouds (7)
Scrolls
 b - 3 scrolls of magic mapping
 l - a scroll of remove curse
 q - 2 scrolls of enchant armour
 u - a scroll of enchant weapon
 A - a scroll of teleportation {unknown}
Potions
 g - 2 potions of lignification
 k - 2 potions of heal wounds
 s - 2 potions of invisibility
 t - a potion of ambrosia {unknown}
 v - a potion of stabbing {unknown}
 w - a potion of haste {unknown}
 x - a potion of resistance {unknown}
 z - a potion of degeneration {unknown}
Comestibles
 f - 13 rations


   Skills:
 + Level 5.8 Fighting
 * Level 8.8 Axes
 - Level 1.7 Throwing
 - Level 2.4 Dodging
 - Level 3.1 Evocations


You had 7 spell levels left.
You didn't know any spells.
Your spell library contained the following spells:

 Spells                   Type           Power        Failure   Level  Hunger
 Confusing Touch          Hex            #.......     100%        3    ####...
 Gell's Gravitas          Tloc           #.........   100%        3    ####...
 Petrify                  Tmut/Erth      #.......     100%        4    #####..
 Metabolic Englaciation   Hex/Ice        #.........   100%        5    ######.
 Yara's Violent Unravell  Hex/Tmut       #.........   100%        5    ######.


Dungeon Overview and Level Annotations

Branches:
Dungeon (6/15)             Temple (1/1) D:5

Altars:
Ashenzari
Elyvilon
Fedhas
Gozag
Hepliaklqana
Kikubaaqudgha
Makhleb
Nemelex Xobeh
Okawaru
Qazlal
Ru
Sif Muna
Trog
Uskayaw
Vehumet
Wu Jian
Xom
Yredelemnul
The Shining One

Shops:
D:4 *


Innate Abilities, Weirdness & Mutations

You cannot wear boots.
Your serpentine skin is tough. (AC +2)
You have supernaturally acute eyesight. (SInv)
Armour fits poorly on your strangely shaped body.
Your system is resistant to poisons. (rPois)
You cover ground very slowly.
You have a slow metabolism.
You can spit poison.


Message History

You throw a curare-tipped dart. The curare-tipped dart hits the gnoll.
The gnoll is poisoned.
The gnoll convulses.
The gnoll seems to slow down.
The gnoll is almost dead.
The gnoll hits you from afar with a +2 halberd of protection!
The gnoll hits you but does no damage. You block the gnoll's attack.
Throwing (i - inventory. (/) - cycle)
h - 3 curare-tipped darts (quivered)
Press: ? - help, Shift-Dir - straight line, f/p - gnoll
Aim: a gnoll (almost dead, slow, very poisoned)
You throw a curare-tipped dart. The curare-tipped dart hits the gnoll.
The gnoll looks as sick as possible!
The gnoll convulses.
You kill the gnoll!
You block the gnoll's attack. The gnoll hits you with a +0 flail.
Throwing (i - inventory. (/) - cycle)
h - 2 curare-tipped darts (quivered)
Press: ? - help, Shift-Dir - straight line, f - gnoll
Aim: a gnoll, wielding a +2 halberd of protection You throw a curare-tipped dart.
The curare-tipped dart hits the gnoll.
The gnoll is poisoned.
The gnoll convulses.
You kill the gnoll!
The gnoll hits you from afar with a +2 halberd of protection!
You die...

#<..... ..
....... . ...
.5.....#. ...
........# #.#
..|.....###.#
#.....5##.#
#....#g##.#
######(##.#
#(@#.#####
##.......#
#.......#
#.......# ###
#.......# ##
#.# #.......#
.######.#######
#......?#
.#....#.......#
#..>....#
.#.#.##.......#
#.......#


You could see a gnoll and a crimson imp.

Vanquished Creatures
  Grinder (D:6)
  Duvessa (D:4)
  2 sky beasts
  A big kobold (D:4)
  A bullfrog (D:6)
  Dowan (D:4)
  A scorpion (D:5)
  A howler monkey (D:5)
  A crimson imp (D:5)
  A bullfrog zombie (D:5)
  An orc wizard (D:3)
  A hound (D:4)
  An orc priest (D:5)
  Jessica (D:2)
  3 iguanas
  Natasha (thrice) (D:4)
  3 worker ants (D:4)
  A hound skeleton (D:4)
  3 gnolls
  A howler monkey skeleton (D:5)
  7 adders
  A shadow imp (D:5)
  7 worms
  2 dart slugs
  7 leopard geckos
  9 orcs
  8 bats
  2 giant cockroaches
  9 hobgoblins
  4 jackals (D:6)
  5 quokkas
  A ball python (D:1)
  12 frilled lizards
  A giant cockroach zombie (D:6)
  8 goblins
  15 kobolds
  A leopard gecko skeleton (D:4)
  15 rats
143 creatures vanquished.

Vanquished Creatures (others)
  A plant (D:4)
1 creature vanquished.

Grand Total: 144 creatures vanquished

Notes
Turn   | Place    | Note
-------+----------+-------------------------------------------
     0 | D:1      | Duffy the Naga Gladiator began the quest for the Orb.
     0 | D:1      | Reached XP level 1. HP: 19/19 MP: 1/1
    64 | D:1      | Reached XP level 2. HP: 19/26 MP: 2/2
   575 | D:1      | Reached skill level 4 in Axes
   994 | D:2      | Reached XP level 3. HP: 32/32 MP: 3/3
  1315 | D:2      | Found a sacrificial altar of Ru,
  1329 | D:2      | Became a worshipper of Ru the Awakened
  1497 | D:2      | Found an ornate altar of the Wu Jian Council,
  1499 | D:2      | Found a shimmering blue altar of Sif Muna,
  1499 | D:2      | Noticed Jessica
  1509 | D:2      | Killed Jessica
  1509 | D:2      | Reached XP level 4. HP: 38/40 MP: 4/4
  1512 | D:2      | Found a shimmering altar of Xom,
  2408 | D:3      | Reached skill level 5 in Axes
  2496 | D:3      | Reached XP level 5. HP: 40/48 MP: 5/5
  2567 | D:3      | Found a faded altar of an unknown god,
  2582 | D:3      | Found a blossoming altar of Fedhas,
  3313 | D:4      | Reached XP level 6. HP: 48/56 MP: 6/6
  3482 | D:4      | Reached skill level 6 in Axes
  3631 | D:4      | Found Onwu's Assorted Antiques,
  3650 | D:4      | Bought a bubbling white potion for 19 gold pieces
  3650 | D:4      | Bought a scroll labeled HILILIRHURI for 22 gold pieces
  3650 | D:4      | Bought a purple potion for 19 gold pieces
  3733 | D:4      | Noticed Duvessa
  3733 | D:4      | Noticed Dowan
  3742 | D:4      | Killed Duvessa
  3742 | D:4      | Reached XP level 7. HP: 64/64 MP: 7/7
  3745 | D:4      | Killed Dowan
  3887 | D:4      | Reached skill level 7 in Axes
  4191 | D:4      | Noticed Natasha
  4195 | D:4      | Killed Natasha
  4250 | D:4      | Noticed Natasha
  4258 | D:4      | Killed Natasha
  4421 | D:4      | Noticed Natasha
  4427 | D:4      | Killed Natasha
  4742 | D:5      | Entered Level 5 of the Dungeon
  4937 | D:5      | Found a radiant altar of Vehumet,
  4979 | D:5      | Reached skill level 5 in Fighting
  5202 | D:5      | Reached XP level 8. HP: 54/74 MP: 8/8
  5215 | D:5      | Reached skill level 8 in Axes
  5216 | D:5      | Found a staircase to the Ecumenical Temple,
  5225 | Temple   | Entered the Ecumenical Temple
  6023 | D:5      | Noticed a moth of wrath
  6026 | D:5      | Found a bloodstained altar of Trog,
  6174 | D:5      | Found an iron altar of Okawaru,
  6446 | D:6      | Noticed Grinder
  6468 | D:6      | Killed Grinder
  6666 | D:6      | Slain by a gnoll

Levels and vault maps discovered:
D:1:      psy_arrival_radial02, layout_rooms, serial_forest,
          infiniplex_forest_straight_2, infiniplex_forest_corner_1,
          infiniplex_forest_zigzag_1, infiniplex_forest_zigzag_2,
          infiniplex_forest_lined_3, infiniplex_forest_lined_corner,
          infiniplex_forest_clump_long, infiniplex_forest_lined_4_way,
          minmay_pentomino_x4
D:2:      layout_loops_corners, grunt_temple_overflow_open,
          nicolae_ru_awakened_eye, minmay_fractal_squares_gapless_5,
          uniq_jessica
D:3:      layout_rooms, serial_corexii_hall, corexii_hall_statues_l,
          chequers_hall_statues_y, corexii_hall_statues_deadend,
          chequers_hall_statues_wall_a, chequers_ecumenical_altar_simple,
          minmay_misc_feat_rugged, fedhas_altar_2
D:4:      layout_basic, serial_shops, nicolae_shop_waterfront,
          lexackson_kobold_supper, uniq_natasha, uniq_duvessa
D:5:      layout_gridville, tgw_trog, lemuel_round_altar,
          minmay_temple_entry_proselytizer, first_ration,
          okawaru_altar_gauntlet_db
D:6:      layout_basic, lemuel_coloured_pillars_altar,
          nicolae_dithmenos_the_darkroom, basic_altar, uniq_menkaure,
          uniq_grinder, uniq_edmund
Temple:   oiseaux_autumnal_temple

Skill      XL: |  1  2  3  4  5  6  7  8 |
---------------+-------------------------+-----
Axes           | 4 5 6 7 8 |  8.8
Fighting       | 3 4 5 |  5.8
Evocations     | 3 |  3.1
Throwing       | |  1.7
Dodging        | |  2.4

Action                   |  1- 3 |  4- 6 |  7- 9 || total
-------------------------+-------+-------+-------++-------
Melee: War axe           |    84 |   148 |   256 ||   488
Throw: Javelin           |       |     4 |     6 ||    10
       Dart              |       |     1 |     3 ||     4
Invok: Reject Sacrifices |       |     1 |       ||     1
 Abil: Spit Poison       |     9 |    19 |    14 ||    42
  Use: Scroll            |       |     5 |     4 ||     9
 Stab: Distracted        |       |     1 |       ||     1
  Eat: Chunk             |     1 |     8 |     8 ||    17
Armor: Leather armour    |    26 |       |       ||    26
       Ring mail         |     8 |    49 |   110 ||   167
Dodge: Dodged            |    24 |    24 |    46 ||    94
Block: Tower shield      |    54 |   101 |   136 ||   291

Table legend:
 A = Non-vault XP
 B = Vault XP
 C = Vault XP percentage of total XP
 D = Non-vault monster count
 E = Vault monster count
 F = Vault count percentage of total count
                 A         B        C        D         E       F
            +---------+---------+-------+---------+---------+-------
      Total |    1283 |     785 |  38.0 |     111 |      32 |  22.4
            +---------+---------+-------+---------+---------+-------
        D:1 |      30 |       3 |   9.1 |      18 |       3 |  14.3
        D:2 |      72 |      43 |  37.4 |      24 |       5 |  17.2
        D:3 |     118 |       0 |   0.0 |      28 |       0 |   0.0
        D:4 |     336 |     368 |  52.3 |      14 |      11 |  44.0
        D:5 |     462 |      76 |  14.1 |      17 |      12 |  41.4
        D:6 |     265 |     295 |  52.7 |      10 |       1 |   9.1
            +---------+---------+-------+---------+---------+-------
